NWL (28 & UNDER)
SAN DIEGO SMASHERS @ MENLO MANIACS
07/21/2028
 
TOP OF THE 1ST
San Diego Smashers batting - Pitching for Menlo Maniacs : RHP Juan Caballero
Pitching: RHP Juan Caballero
Batting: LHB Michael Myers 0-0: Called Strike
0-1: Ball
1-1: Ball
2-1: Foul Ball, location: 2F
2-2: Ball
3-2: Foul Ball, location: 2F
3-2: DOUBLE (Flyball, 8RD)
Batting: RHB Gustavo Torres 0-0: Called Strike
0-1: Ball
1-1: Foul Ball, location: 2F
1-2: Ball
2-2: Ball
3-2: Foul Ball, location: 2F
3-2: Foul Ball, location: 2F
3-2: Ground out 1-3 (Groundball, 15S)
Batting: RHB Jake Reeves 0-0: Ball
1-0: Swinging Strike
1-1: Foul Ball, location: 2F
1-2: Foul Ball, location: 2F
1-2: Foul Ball, location: 2F
1-2: Ball
2-2: Ball
3-2: Base on Balls
Batting: LHB Arthur MacDonald 0-0: Ball
1-0: Ball
2-0: Swinging Strike
2-1: Called Strike
2-2: Ball
3-2: Base on Balls
Michael Myers to third
Jake Reeves to second
Batting: RHB Javier González 0-0: Ball
1-0: Ball
2-0: Ball
3-0: Called Strike
3-1: Base on Balls
Michael Myers scores
Jake Reeves to third
Arthur MacDonald to second
Batting: LHB Richard Brooks 0-0: Called Strike
0-1: Fly out, F9 (Flyball, 89S)
Batting: RHB John Nelson 0-0: Foul Ball, location: 2F
0-1: Ball
1-1: Foul Ball, location: 2F
1-2: Ball
2-2: Foul Ball, location: 2F
2-2: Ground out 1-3 (Groundball, 15)
Top of the 1st over - 1 run(s), 1 hit(s), 0 error(s), 3 left on base; San Diego 1 - Menlo 0
BOTTOM OF THE 1ST
Menlo Maniacs batting - Pitching for San Diego Smashers : RHP Roberto Carrillo
Pitching: RHP Roberto Carrillo
Batting: RHB Manuel Alonso 0-0: Ball
1-0: Ball
2-0: Ground out 6-3 (Groundball, 6)
Batting: LHB Robby Lawson 0-0: Ball
1-0: Swinging Strike
1-1: Ball
2-1: DOUBLE (Groundball, 5L)
Batting: RHB Gilberto León 0-0: Called Strike
0-1: Ball
1-1: Ball
2-1: Ball
3-1: Base on Balls
Batting: LHB Tim Ramsey 0-0: Called Strike
0-1: Ball
1-1: Ball
2-1: Called Strike
2-2: Ball
3-2: Strikes out swinging
Batting: RHB Currito Campos 0-0: Ball
1-0: Ball
2-0: Called Strike
2-1: Called Strike
2-2: Ball
3-2: SINGLE (Line Drive, 7LS)
Robby Lawson to third
Gilberto León to second
Robby Lawson scores
Gilberto León to third
Batting: LHB Bernardo Rodríguez 0-0: Called Strike
0-1: Ball
1-1: Swinging Strike
1-2: Foul Ball, location: 2F
1-2: Ball
2-2: Ground out 3-1 (Groundball, 34S)
Bottom of the 1st over - 1 run(s), 2 hit(s), 0 error(s), 2 left on base; San Diego 1 - Menlo 1
TOP OF THE 2ND
San Diego Smashers batting - Pitching for Menlo Maniacs : RHP Juan Caballero
Batting: SHB Michael Aisher 0-0: Called Strike
0-1: Foul Ball, location: 2F
0-2: Ball
1-2: Strikes out swinging
Batting: RHB José Oliveira 0-0: Ball
1-0: Ball
2-0: Ball
3-0: Called Strike
3-1: Base on Balls
Batting: LHB Michael Myers 0-0: Ball
1-0: Ball
2-0: Called Strike
2-1: Foul Ball, location: 2F
2-2: Ball
3-2: Foul Ball, location: 2F
3-2: DOUBLE (Flyball, 7LM)
José Oliveira to third
Batting: RHB Gustavo Torres 0-0: Ball
1-0: Ball
2-0: Ground out 4-3 (Groundball, 4)
José Oliveira scores
Michael Myers to third
Batting: RHB Jake Reeves 0-0: Called Strike
0-1: Foul Ball, location: 2F
0-2: Ball
1-2: Ball
2-2: Ball
3-2: Foul Ball, location: 2F
3-2: Foul Ball, location: 2F
3-2: Foul Ball, location: 2F
3-2: Strikes out swinging
Top of the 2nd over - 1 run(s), 1 hit(s), 0 error(s), 1 left on base; San Diego 2 - Menlo 1
BOTTOM OF THE 2ND
Menlo Maniacs batting - Pitching for San Diego Smashers : RHP Roberto Carrillo
Batting: RHB Clinton Barton 0-0: Swinging Strike
0-1: Foul Ball, location: 2F
0-2: Ball
1-2: Ball
2-2: Ball
3-2: Strikes out swinging
Batting: LHB Tristan Walker 0-0: Foul Ball, location: 2F
0-1: Ball
1-1: Ball
2-1: Ball
3-1: Base on Balls
Batting: RHB Miguel González 0-0: Foul Ball, location: 2F
0-1: Called Strike
0-2: Ball
1-2: Strikes out swinging
Batting: RHB Manuel Alonso 0-0: Called Strike
0-1: Fly out, F7 (Flyball, 7S)
Bottom of the 2nd over - 0 run(s), 0 hit(s), 0 error(s), 1 left on base; San Diego 2 - Menlo 1
TOP OF THE 3RD
San Diego Smashers batting - Pitching for Menlo Maniacs : RHP Juan Caballero
Batting: LHB Arthur MacDonald 0-0: SOLO HOME RUN (Flyball, 9LD), Distance : 354 ft
Batting: RHB Javier González 0-0: Called Strike
0-1: Ball
1-1: Ground out 4-3 (Groundball, 4)
Batting: LHB Richard Brooks 0-0: Ball
1-0: Called Strike
1-1: Hit by Pitch
Batting: RHB John Nelson 0-0: Ball
1-0: Called Strike
1-1: Called Strike
1-2: Ball
2-2: Foul Ball, location: 2F
2-2: Foul Ball, location: 2F
2-2: Strikes out looking
Batting: SHB Michael Aisher 0-0: Ball
1-0: Ball
2-0: Ball
3-0: Called Strike
3-1: Base on Balls
Richard Brooks to second
Batting: RHB José Oliveira 0-0: Ball
1-0: Fly out, F8 (Flyball, 78D)
Top of the 3rd over - 1 run(s), 1 hit(s), 0 error(s), 2 left on base; San Diego 3 - Menlo 1
BOTTOM OF THE 3RD
Menlo Maniacs batting - Pitching for San Diego Smashers : RHP Roberto Carrillo
Batting: LHB Robby Lawson 0-0: Foul Ball, location: 2F
0-1: Ball
1-1: Ball
2-1: Foul Ball, location: 2F
2-2: SINGLE (Line Drive, 9S)
Batting: RHB Gilberto León 0-0: Foul Ball, location: 2F
0-1: Ball
1-1: Ball
2-1: Fly out, F9 (Line Drive, 89M)
Batting: LHB Tim Ramsey 0-0: Swinging Strike
0-1: Ball
1-1: Fly out, F7 (Flyball, 7)
Batting: RHB Currito Campos 0-0: Ball
1-0: Fielders Choice at 2nd, 4-6 (Groundball, 4)
Bottom of the 3rd over - 0 run(s), 1 hit(s), 0 error(s), 0 left on base; San Diego 3 - Menlo 1
TOP OF THE 4TH
San Diego Smashers batting - Pitching for Menlo Maniacs : RHP Juan Caballero
Batting: LHB Michael Myers 0-0: Foul Ball, location: 2F
0-1: SINGLE (Line Drive, 4MD)
Pitching: LHP Marc Sizemore
Batting: RHB Gustavo Torres 0-0: Ball
1-0: Ball
2-0: Ball
3-0: Called Strike
3-1: Called Strike
3-2: Foul Ball, location: 2F
3-2: SINGLE (Groundball, 6MD)
Michael Myers to second
Batting: RHB Jake Reeves 0-0: Ball
1-0: Foul Ball, location: 2F
1-1: Called Strike
1-2: Strikes out swinging
Batting: LHB Arthur MacDonald 0-0: Ball
Throwing error on steal attempt, E2
Michael Myers scores
Gustavo Torres to third
1-0: SINGLE (Groundball, 34D)
Gustavo Torres scores
Batting: RHB Javier González 0-0: Ball
1-0: Ball
2-0: Ball
3-0: Called Strike
3-1: Fly out, F6 (Popup, 56D)
Batting: LHB Richard Brooks 0-0: Called Strike
0-1: Foul Ball, location: 2F
0-2: Strikes out looking
Top of the 4th over - 2 run(s), 3 hit(s), 1 error(s), 1 left on base; San Diego 5 - Menlo 1
BOTTOM OF THE 4TH
Menlo Maniacs batting - Pitching for San Diego Smashers : RHP Roberto Carrillo
Batting: LHB Bernardo Rodríguez 0-0: Ball
1-0: Swinging Strike
1-1: Foul Ball, location: 2F
1-2: Ball
2-2: Ground out 4-3 (Groundball, 34)
Batting: RHB Clinton Barton 0-0: Ball
1-0: Called Strike
1-1: Called Strike
1-2: Ball
2-2: Ball
3-2: Foul Ball, location: 2F
3-2: Foul Ball, location: 2F
3-2: Ground out 6-3 (Groundball, 56)
Batting: LHB Tristan Walker 0-0: Called Strike
0-1: Fly out, F5 (Flyball, 5D)
Bottom of the 4th over - 0 run(s), 0 hit(s), 0 error(s), 0 left on base; San Diego 5 - Menlo 1
TOP OF THE 5TH
San Diego Smashers batting - Pitching for Menlo Maniacs : LHP Marc Sizemore
Batting: RHB John Nelson 0-0: Ball
1-0: DOUBLE (Groundball, 5L)
Batting: SHB Michael Aisher 0-0: Ball
1-0: Foul Ball, location: 2F
1-1: Ball
2-1: Foul Ball, location: 2F
2-2: DOUBLE (Line Drive, 7LM)
John Nelson scores
Batting: RHB José Oliveira 0-0: Called Strike
0-1: Ball
1-1: Foul Ball, location: 2F
1-2: Fly out, F8 (Flyball, 78D)
Batting: LHB Michael Myers 0-0: Ball
1-0: Ball
2-0: Foul Ball, location: 2F
2-1: Ground out 4-3 (Groundball, 4)
Michael Aisher to third
Pitching: RHP José Ramírez
Batting: RHB Gustavo Torres 0-0: DOUBLE (Flyball, 9)
Michael Aisher scores
Batting: RHB Jake Reeves 0-0: Ball
1-0: Called Strike
1-1: Swinging Strike
1-2: Ball
2-2: Ball
3-2: SINGLE (Line Drive, 56)
Gustavo Torres to third
Gustavo Torres scores
Batting: LHB Arthur MacDonald 0-0: Called Strike
0-1: Foul Ball, location: 2F
0-2: Foul Ball, location: 2F
0-2: Strikes out looking
Top of the 5th over - 3 run(s), 4 hit(s), 0 error(s), 1 left on base; San Diego 8 - Menlo 1
BOTTOM OF THE 5TH
Menlo Maniacs batting - Pitching for San Diego Smashers : RHP Roberto Carrillo
Batting: RHB Miguel González 0-0: Ball
1-0: Swinging Strike
1-1: Ground out 5-3 (Groundball, 56)
Batting: RHB Manuel Alonso 0-0: Ground out 4-3 (Groundball, 4)
Batting: LHB Robby Lawson 0-0: Foul Ball, location: 2F
0-1: Ball
1-1: DOUBLE (Line Drive, 8RD)
Batting: RHB Gilberto León 0-0: Ball
1-0: Swinging Strike
1-1: Ball
2-1: Ground out 6-3 (Groundball, 6)
Bottom of the 5th over - 0 run(s), 1 hit(s), 0 error(s), 1 left on base; San Diego 8 - Menlo 1
TOP OF THE 6TH
San Diego Smashers batting - Pitching for Menlo Maniacs : RHP José Ramírez
Batting: RHB Javier González 0-0: Ball
1-0: Foul Ball, location: 2F
1-1: Swinging Strike
1-2: Ball
2-2: Strikes out swinging
Batting: LHB Richard Brooks 0-0: Swinging Strike
0-1: Ball
1-1: Fly out, F6 (Line Drive, 6)
Batting: RHB John Nelson 0-0: Ball
1-0: Called Strike
1-1: Ball
2-1: Ball
3-1: Swinging Strike
3-2: Foul Ball, location: 2F
3-2: Foul Ball, location: 2F
3-2: Foul Ball, location: 2F
3-2: Ground out U3 (Groundball, 3L)
Top of the 6th over - 0 run(s), 0 hit(s), 0 error(s), 0 left on base; San Diego 8 - Menlo 1
BOTTOM OF THE 6TH
Menlo Maniacs batting - Pitching for San Diego Smashers : RHP Roberto Carrillo
Batting: LHB Tim Ramsey 0-0: Ball
1-0: Fly out, F9 (Flyball, 89M)
Batting: RHB Currito Campos 0-0: Ball
1-0: Foul Ball, location: 2F
1-1: Swinging Strike
1-2: Ball
2-2: Fly out, F8 (Flyball, 8RM)
Batting: LHB Bernardo Rodríguez 0-0: Called Strike
0-1: Ball
1-1: DOUBLE (Flyball, 8RM)
Pitching: RHP Andre Huff
Batting: RHB Clinton Barton 0-0: Ball
1-0: Foul Ball, location: 2F
1-1: Called Strike
1-2: Strikes out looking
Bottom of the 6th over - 0 run(s), 1 hit(s), 0 error(s), 1 left on base; San Diego 8 - Menlo 1
TOP OF THE 7TH
San Diego Smashers batting - Pitching for Menlo Maniacs : RHP José Ramírez
Batting: SHB Michael Aisher 0-0: Foul Ball, location: 2F
0-1: Swinging Strike
0-2: DOUBLE (Line Drive, 89M)
Batting: RHB José Oliveira 0-0: Swinging Strike
0-1: Foul Ball, location: 2F
0-2: Ball
1-2: Ground out 6-3 (Groundball, 6)
Michael Aisher to third
Batting: LHB Michael Myers 0-0: Foul Ball, location: 2F
0-1: Ball
1-1: Ball
2-1: Ground out 4-3 (Groundball, 34)
Michael Aisher scores
Batting: RHB Gustavo Torres 0-0: Foul Ball, location: 2F
0-1: Foul Ball, location: 2F
0-2: Ball
1-2: Strikes out looking
Top of the 7th over - 1 run(s), 1 hit(s), 0 error(s), 0 left on base; San Diego 9 - Menlo 1
BOTTOM OF THE 7TH
Menlo Maniacs batting - Pitching for San Diego Smashers : RHP Andre Huff
Batting: LHB Tristan Walker 0-0: Ball
1-0: Ball
2-0: Called Strike
2-1: Called Strike
2-2: Foul Ball, location: 2F
2-2: Strikes out swinging
Batting: RHB Miguel González 0-0: Ball
1-0: Ball
2-0: Foul Ball, location: 2F
2-1: Foul Ball, location: 2F
2-2: Ball
3-2: Ground out 6-3 (Groundball, 6)
Batting: RHB Manuel Alonso 0-0: Ball
1-0: Ball
2-0: Called Strike
2-1: Swinging Strike
2-2: Ground out 6-3 (Groundball, 56)
Bottom of the 7th over - 0 run(s), 0 hit(s), 0 error(s), 0 left on base; San Diego 9 - Menlo 1
TOP OF THE 8TH
San Diego Smashers batting - Pitching for Menlo Maniacs : RHP José Ramírez
Batting: RHB Jake Reeves 0-0: Called Strike
0-1: Ball
1-1: Foul Ball, location: 2F
1-2: Ball
2-2: Foul Ball, location: 2F
2-2: Foul Ball, location: 2F
2-2: Ball
3-2: Base on Balls
Batting: LHB Arthur MacDonald 0-0: Swinging Strike
0-1: Called Strike
0-2: Ball
1-2: Ball
2-2: Strikes out swinging
Pitching: RHP Gerard Gustafson
Batting: RHB Javier González 0-0: Called Strike
0-1: Ball
1-1: Called Strike
1-2: Strikes out swinging
Batting: LHB Richard Brooks 0-0: Called Strike
0-1: Ball
1-1: SINGLE (Groundball, 34D)
Jake Reeves to second
Runner from 2nd tries for 3rd, SAFE, throw made to third
Batting: RHB John Nelson 0-0: Called Strike
0-1: Ball
1-1: Ball
2-1: Foul Ball, location: 2F
2-2: Fielders Choice at 2nd, 6-4 (Groundball, 6)
Top of the 8th over - 0 run(s), 1 hit(s), 0 error(s), 1 left on base; San Diego 9 - Menlo 1
BOTTOM OF THE 8TH
Menlo Maniacs batting - Pitching for San Diego Smashers : RHP Andre Huff
Batting: LHB Robby Lawson 0-0: Ball
1-0: Called Strike
1-1: Ball
2-1: Swinging Strike
2-2: Strikes out looking
Batting: RHB Gilberto León 0-0: Fly out, F9 (Flyball, 9S)
Batting: LHB Tim Ramsey 0-0: DOUBLE (Line Drive, 89XD)
Batting: RHB Currito Campos 0-0: Ball
1-0: Swinging Strike
1-1: Fly out, F7 (Flyball, 7)
Bottom of the 8th over - 0 run(s), 1 hit(s), 0 error(s), 1 left on base; San Diego 9 - Menlo 1
TOP OF THE 9TH
San Diego Smashers batting - Pitching for Menlo Maniacs : RHP Gerard Gustafson
Batting: SHB Michael Aisher 0-0: Foul Ball, location: 2F
0-1: Swinging Strike
0-2: Hit by Pitch
Batting: RHB José Oliveira 0-0: Ball
1-0: Foul Ball, location: 2F
1-1: Swinging Strike
1-2: Strikes out swinging
Batting: LHB Michael Myers 0-0: Called Strike
0-1: Ball
1-1: Ball
2-1: Ball
3-1: Swinging Strike
3-2: Foul Ball, location: 2F
3-2: Strikes out swinging
Batting: RHB Gustavo Torres 0-0: Ball
1-0: Ball
Michael Aisher is caught stealing 2nd base
Top of the 9th over - 0 run(s), 0 hit(s), 0 error(s), 0 left on base; San Diego 9 - Menlo 1
BOTTOM OF THE 9TH
Menlo Maniacs batting - Pitching for San Diego Smashers : RHP Andre Huff
Now at 1B: Fred Ameris
Now at SS: Walt Rodgers
Batting: LHB Bernardo Rodríguez 0-0: Ground out U3 (Groundball, 34)
Batting: RHB Clinton Barton 0-0: Ground out 4-3 (Groundball, 4)
Batting: LHB Tristan Walker 0-0: Foul Ball, location: 2F
0-1: Swinging Strike
0-2: Ball
1-2: Foul Ball, location: 2F
1-2: Foul Ball, location: 2F
1-2: Foul Ball, location: 2F
1-2: Ball
2-2: Strikes out swinging
Bottom of the 9th over - 0 run(s), 0 hit(s), 0 error(s), 0 left on base; San Diego 9 - Menlo 1
Tuesday, August 8th, 2017 - OOTP Baseball 17.12 Build 75